 Dungeon Crawl Stone Soup version 0.30.0-29-ga12c61a403 (webtiles) character file.

Game seed: 9050256682580858738

39 monsoonserge the Vexing (level 3, 20/20 HPs)
             Began as a Vampire Enchanter on June 13, 2023.
             Was a Follower of Cheibriados.
             Quit the game on level 1 of the Dungeon.
             The game lasted 00:03:01 (654 turns).

monsoonserge the Vexing (Vampire Enchanter)          Turns: 654, Time: 00:03:02

Health: 20/20      AC:  3    Str:  9    XL:     3   Next: 26%
Magic:  6/6        EV: 12    Int: 21    God:    Cheibriados [*.....]
Gold:   16         SH:  0    Dex: 16    Spells: 1/6 levels left

rFire   . . .        a - +1 dagger
rCold   + + .        (no shield)
rNeg    + + +        f - +0 leather armour
rPois   ∞            (no helmet)
rElec   .            (no cloak)
rCorr   .            (no gloves)
SInv    +            (no boots)
Will    .....        (no amulet)
Stlth   +++++        (no ring)
HPRegen 0.23/turn    (no ring)
MPRegen 0.10/turn

%: no passive effects
@: bloodless, very slow
A: bloodless, fangs 3, see invisible, vampiric 2
a: Bat Form, Revivify, Renounce Religion, Bend Time


You were on level 1 of the Dungeon.
You worshipped Cheibriados.
Cheibriados was aware of your devotion.
You visited 1 branch of the dungeon, and saw 2 of its levels.

You collected 16 gold pieces.

Inventory:

Hand Weapons
 a - a +1 dagger (weapon)
Missiles
 h - 3 javelins (quivered)
Armour
 b - a +0 robe
 d - a +0 ring mail
 f - a +0 leather armour (worn)
Magical Staves
 k - a staff of cold
Scrolls
 g - a scroll of blinking {unknown}
 i - a scroll of fog {unknown}
 j - a scroll of teleportation {unknown}
 m - a scroll of immolation {unknown}
Potions
 c - 2 potions of invisibility
 e - a potion of heal wounds {unknown}
 l - a potion of curing {unknown}


   Skills:
 + Level 0.3 Fighting
 + Level 1.2 Short Blades
 * Level 1.0 Armour
 + Level 2.3 Dodging
 - Level 5.0 Stealth
 - Level 2.0 Spellcasting
 * Level 5.0 Hexes
 * Level 0.7 Ice Magic


You had one spell level left.
You knew the following spells:

 Your Spells              Type           Power      Damage    Failure   Level
a - Ensorcelled Hibernat  Hex/Ice        28%        N/A       10%         2
b - Confusing Touch       Hex            23%        N/A       8%          3

Your spell library contained the following spells:

 Spells                   Type           Power      Damage    Failure   Level
 Tukima's Dance           Hex            23%        N/A       8%          3
 Dazzling Flash           Conj/Hex       24%        N/A       22%         3


Dungeon Overview and Level Annotations

Branches:
Dungeon (2/15)

Altars:
Cheibriados


Innate Abilities, Weirdness & Mutations

You do not regenerate when monsters are visible.
You are frail without blood (-20% HP).
You can heal yourself when you bite living creatures.
You are immune to poison.
You have razor-sharp teeth.
You have supernaturally acute eyesight. (SInv)
You are afflicted with vampirism and can become a bat while bloodless.


Message History

The giant cockroach barely misses you.
The giant cockroach bites you but does no damage.
You barely miss the giant cockroach.
The giant cockroach is heavily wounded.
The giant cockroach bites you but does no damage.
You hit the giant cockroach.
You kill the giant cockroach!
A dart slug comes into view.
Found a scroll labelled NEYLOZ HUSUPLOA.
Found a whip.
The helpless dart slug fails to defend itself.
You puncture the dart slug!
You kill the dart slug!
Your Armour skill increases to level 1!
You see here a dart slug corpse.
Found 2 gold pieces.
m - a scroll labelled NEYLOZ HUSUPLOA
There are no items here.
Found a murky ruby potion.
You now have 16 gold pieces (gained 2).
There are no items here.
You hit the fungus.
The fungus begins to die.
You bite the fungus.
The fungus is lightly damaged.
You hit the plant.
The plant begins to die.
You bite the plant.
The plant is lightly damaged.
A nearby fungus withers and dies.
Found a faded altar of an unknown god.
A nearby plant withers and dies.
There is a faded altar of an unknown god here.
This altar belongs to (a) Cheibriados, (b) Makhleb or (c) Ashenzari, but you can't tell which.
Press the corresponding letter to learn more about a god, or press enter to convert or escape to cancel.
Okay, then.
There is a faded altar of an unknown god here.
This altar belongs to (a) Cheibriados, (b) Makhleb or (c) Ashenzari, but you can't tell which.
Press the corresponding letter to learn more about a god, or press enter to convert or escape to cancel.
Cheibriados accepts your prayer! Cheibriados welcomes you!
Cheibriados begins to support your attributes as your movement slows.
Cheibriados is now slowing the effects of poison on you.
You can now bend time to slow others.
Cheibriados raises the support of your attributes as your movement slows.
Are you sure you want to abandon this character and quit the game? (Confirm with "yes".)

### ####### ..#
#.....# ## ########.#
#.###.#
P.#.#.P.#..###......
#.#.#.#.#.#..##...##..
PP..PP.............###
.#.#.#.#.#†.##...##
#@#...#..###.##
.#.#.#.#.#.#........
.....P...P.PP.......#.
..#.#.#P#.#.#.......#
# ...#P#...#.).....#
### ########......#
......# ..!


There were no monsters in sight!

Vanquished Creatures
  An adder (D:2)
  2 dart slugs
  3 bats
  4 endoplasms
  A giant cockroach (D:1)
  2 goblins
  3 quokkas
  3 ball pythons
  A frilled lizard (D:1)
  3 kobolds
  2 rats (D:1)
25 creatures vanquished.

Notes
Turn   | Place    | Note
-------+----------+-------------------------------------------
     0 | D:1      | monsoonserge the Vampire Enchanter began the quest for the
                  | Orb.
     0 | D:1      | Reached XP level 1. HP: 13/13 MP: 3/3
    89 | D:1      | You fall into a shaft and drop 1 floor!
   180 | D:2      | Reached XP level 2. HP: 16/16 MP: 5/5
   199 | D:2      | Learned a level 2 spell: Ensorcelled Hibernation
   310 | D:2      | Reached skill level 5 in Hexes
   317 | D:1      | Reached skill level 5 in Stealth
   393 | D:1      | Gained mutation: You are afflicted with vampirism and can
                  | become a bat while bloodless. [Vampire growth]
   393 | D:1      | Reached XP level 3. HP: 20/20 MP: 6/6
   403 | D:1      | Learned a level 3 spell: Confusing Touch
   633 | D:1      | Reached skill level 1 in Armour
   648 | D:1      | Found a faded altar of an unknown god.
   653 | D:1      | Prayed at the altar of an unknown god.
   653 | D:1      | Became a worshipper of Cheibriados the Contemplative
   653 | D:1      | Reached * piety under Cheibriados
   654 | D:1      | Quit the game

Illustrated notes

Levels and vault maps discovered:
D:1:      nzn_arrival_settlement, layout_loops_cross,
          shapermc_ecumenical_altar_mp_urbaneastern
D:2:      minmay_skewed_foursquare, layout_basic, minmay_misc_feat_columns,
          uniq_crazy_yiuf_cottage, uniq_natasha

Skill      XL: |  1  2  3 |
---------------+----------+-----
Hexes          | 5 |  5.0
Stealth        | 5 |  5.0
Armour         | 1 |  1.0
Fighting       | |  0.3
Short Blades   | |  1.2
Dodging        | |  2.3
Spellcasting   | |  2.0
Ice Magic      | |  0.7

Action                     || total
---------------------------++-------
  Melee: Dagger            ||    78
         Punch             ||     3
         Bite              ||     4
   Cast: Ensorcelled Hiber ||     2
Ability: Exsanguinate      ||     1
   Stab: Sleeping          ||    14
 Armour: Leather armour    ||    16
  Dodge: Dodged            ||    33
